 Dungeon Crawl Stone Soup version 0.19-a0-1672-g679cadd (webtiles) character file.

100 TheGoonsmith the Conjurer (level 4, -4/24 HPs)
             Began as a Deep Elf Conjurer on Sept 22, 2016.
             Slain by a phantom (10 damage)
             ... on level 4 of the Dungeon.
             The game lasted 00:02:32 (3120 turns).

TheGoonsmith the Conjurer (Deep Elf Conjurer)       Turns: 3120, Time: 00:02:33

Health: -4/24      AC:  2    Str:  5    XL:     4   Next: 47%
Magic:  1/12       EV: 13    Int: 21    God:
Gold:   98         SH:  0    Dex: 15    Spells: 2 memorised, 8 levels left

rFire  . . .     SeeInvis .     e - +0 mace
rCold  . . .     Gourm    .     n - +0 robe (curse)
rNeg   . . .     Faith    .     (no shield)
rPois  .         Spirit   .     (no helmet)
rElec  .         Dismiss  .     (no cloak)
rCorr  .         Reflect  .     (no gloves)
MR     .....     Harm     .     (no boots)
Stlth  ++........               (no amulet)
                                (no ring)
                                (no ring)

@: no status effects
A: no striking features
a: no special abilities


You were on level 4 of the Dungeon.
You were not hungry.

You visited 1 branch of the dungeon, and saw 4 of its levels.

You collected 98 gold pieces.

Inventory:

Hand Weapons
 e - a +0 mace (weapon)
Armour
 a - a +0 robe
 n - a cursed +0 robe (worn)
 q - a +0 buckler
Wands
 o - a wand of slowing (22/48)
Scrolls
 d - 2 scrolls of random uselessness {unknown}
 f - 2 scrolls of remove curse {unknown}
 i - 2 scrolls of teleportation {unknown}
 k - 2 scrolls of identify {unknown}
 m - a scroll of immolation {unknown}
 r - a scroll of blinking {unknown}
 t - a scroll of fear {unknown}
Potions
 j - a potion of flight {unknown}
 p - 2 potions of degeneration {unknown}
 s - a potion of brilliance {unknown}
Books
 b - a book of Conjurations

   Spells                             Type                      Level
   a - Magic Dart                     Conjuration                  1
   b - Searing Ray                    Conjuration                  2
   c - Dazzling Spray                 Conjuration/Hexes            3
   d - Fulminant Prism                Conjuration/Hexes            4
   e - Iskenderun's Mystic Blast      Conjuration                  4
   f - Iskenderun's Battlesphere      Conjuration/Charms           5
Comestibles
 c - a bread ration
 g - a slice of pizza
 h - a meat ration
 l - 5 fruits


   Skills:
 - Level 2.4 Dodging
 - Level 2.4 Stealth
 + Level 4.2 Spellcasting
 * Level 6.0 Conjurations


You had 8 spell levels left.
You knew the following spells:

 Your Spells              Type           Power        Failure   Level  Hunger
a - Magic Dart            Conj           ####         1%          1    None
b - Searing Ray           Conj           ####..       1%          2    #......


Dungeon Overview and Level Annotations

Branches:
Dungeon (4/15)
 Temple: D:4-7

Altars:
Ashenzari


Message History

The phantom blinks!
Casting: Magic Dart
Confirm with . or Enter, or press ? or * to list all spells.
Aiming: Magic Dart
Press: ? - help, Shift-Dir - straight line, f/p - phantom
Aim: a phantom (almost destroyed)
The magic dart hits the phantom.
The phantom is almost destroyed.
You hit the phantom but do no damage.
The phantom is almost destroyed.
The phantom hits you!
* * * LOW HITPOINT WARNING * * *
The phantom blinks!
Unknown command.
You start resting.
The phantom blinks!
You hit the phantom.
The phantom is almost destroyed.
The phantom hits you!
You die...

#.......# .#
#.##.##.# #
#.##.# #.
..##.#
#..####.#
#.......######
##.#####.....#
#...####ยง....#
#W@........#
#...####.....#
#### #.....#
###.### ...
####


You could see a phantom.

Vanquished Creatures
  4 adders
  3 worms (D:2)
  2 dart slugs
  2 leopard geckos (D:3)
  3 ball pythons
  9 bats
  2 giant cockroaches
  5 goblins
  3 hobgoblins
  2 jackals (D:3)
  3 frilled lizards
  6 kobolds
  7 rats
51 creatures vanquished.

Notes
Turn   | Place    | Note
-------+----------+-------------------------------------------
     0 | D:1      | TheGoonsmith the Deep Elf Conjurer began the quest for the Orb.
     0 | D:1      | Reached XP level 1. HP: 10/10 MP: 6/6
   241 | D:1      | Reached XP level 2. HP: 15/15 MP: 1/8
   625 | D:1      | Reached skill level 5 in Conjurations
  1113 | D:2      | Learned a level 2 spell: Searing Ray
  1212 | D:2      | Reached XP level 3. HP: 19/19 MP: 0/10
  1872 | D:2      | Found a shattered altar of Ashenzari.
  2325 | D:3      | Reached XP level 4. HP: 24/24 MP: 7/11
  2825 | D:4      | Reached skill level 6 in Conjurations
  3097 | D:4      | Noticed a phantom
  3120 | D:4      | Slain by a phantom

Vault maps used:
D:1:      dpeg_arrival_three_same_balls, roderic_nine_men_s_morris
D:2:      ashenzari_altar_1
D:3:      first_bread
D:4:      serial_shops, shop_statue, corexii_hall_statues_i,
          nicolae_tso_swordbearing_angel

Skill      XL: |  1  2  3  4 |
---------------+-------------+-----
Conjurations   | 5 6 |  6.0
Spellcasting   | 4 |  4.2
Dodging        | |  2.4
Stealth        | |  2.4

Action                   |  1- 3 |  4- 6 || total
-------------------------+-------+-------++-------
Melee: Mace              |     1 |     2 ||     3
 Cast: Magic Dart        |    85 |    38 ||   123
  Eat: Chunk             |     2 |       ||     2
       Bread ration      |     1 |       ||     1
Armor: Robe              |     1 |     1 ||     2
Dodge: Dodged            |     4 |     4 ||     8
